 Seeded DCSS version 0.27-a0-200-g8ba017916c (webtiles) character file.

Game seed: 6991427449263385667 (custom seed)

99 schets the Chopper (level 4, -2/41 HPs)
             Began as a Hill Orc Monk on Jan 30, 2021.
             Slain by Sigmund
             ... wielding a +2 scythe of flaming
              (5 damage)
             ... on level 3 of the Dungeon.
             The game lasted 00:09:46 (4355 turns).

schets the Chopper (Hill Orc Monk)                  Turns: 4355, Time: 00:09:46

Health: -2/41      AC:  2    Str: 14    XL:     4   Next: 72%
Magic:  4/4        EV: 13    Int: 10    God:
Gold:   163        SH:  0    Dex: 13    Spells: 3/3 levels left

rFire    . . .     SeeInvis .   a - +0 hand axe
rCold    . . .     Faith    .   (no shield)
rNeg     . . .     Spirit   .   b - +0 robe
rPois    .         Reflect  .   (no helmet)
rElec    .         Harm     .   (no cloak)
rCorr    .         Rampage  .   (no gloves)
Will     .....                  (no boots)
Stlth    +.........             (no amulet)
HPRegen  0.13/turn              (no ring)
MPRegen  0.09/turn              (no ring)

@: confused, flying
A: no striking features
a: no special abilities


You were on level 3 of the Dungeon.
You visited 1 branch of the dungeon, and saw 3 of its levels.

You collected 163 gold pieces.

Inventory:

Hand Weapons
 a - a +0 hand axe (weapon)
Missiles
 c - 4 javelins
 j - 11 poisoned darts (quivered)
Armour
 b - a +0 robe (worn)


   Skills:
 * Level 4.9 Fighting
 * Level 5.4 Axes
 + Level 1.7 Armour
 - Level 2.4 Dodging
 - Level 1.5 Stealth


You had 3 spell levels left.
You didn't know any spells.
Your spell library contained the following spells:

 Spells                   Type           Power        Failure   Level
 Confusing Touch          Hex            0%           75%         3
 Gell's Gravitas          Tloc           0%           75%         3
 Petrify                  Tmut/Erth      0%           98%         4
 Metabolic Englaciation   Hex/Ice        0%           100%        5
 Yara's Violent Unravell  Hex/Tmut       0%           100%        5


Dungeon Overview and Level Annotations

Branches:
Dungeon (3/15)

Altars:
Trog

Annotations:
D:1 exclusion: downstairs
D:2 exclusion: downstairs
D:3 Grinder, Ijyb, Sigmund


Message History

You fly up into the air.
It was a potion of heal wounds.
You feel much better.
There is an escape hatch in the floor here.
You fly downwards.
The hatch slams shut behind you.
Level annotation: Grinder, Ijyb Sigmund the Dreaded comes into view.
He is wielding a +2 scythe of flaming and wearing a +2 robe of cold resistance.
Sigmund shouts!
Sigmund gestures at you while chanting.
You are confused.
Sigmund hits you from afar with a +2 scythe of flaming!
Sigmund burns you.
You closely miss Sigmund. Sigmund gestures at you while chanting.
The puff of flame hits you!
You bump into the rock wall.
Sigmund barely misses you.
You bump into the rock wall.
Sigmund hits you with a +2 scythe of flaming!
* * * LOW HITPOINT WARNING * * *
Sigmund burns you.
You die...

..........#..
#.
#########...#
#. ##.## #.
#.## .###
#.## ... ..##
##### #.# ###
......####.#
......@@...#
############


You could see Sigmund.

Vanquished Creatures
  4 adders
  An ooze (D:2)
  6 worms (D:2)
  A dart slug (D:2)
  5 bats
  5 giant cockroaches
  4 goblins
  6 hobgoblins
  A ball python (D:2)
  3 frilled lizards
  A kobold (D:1)
  7 rats
44 creatures vanquished.

Vanquished Creatures (others)
  A kobold (D:3)
1 creature vanquished.

Grand Total: 45 creatures vanquished

Notes
Turn   | Place    | Note
-------+----------+-------------------------------------------
     0 | D:1      | schets the Hill Orc Monk began the quest for the Orb.
     0 | D:1      | Reached XP level 1. HP: 19/19 MP: 1/1
   678 | D:1      | Reached XP level 2. HP: 27/27 MP: 2/2
  1015 | D:1      | Reached skill level 1 in Armour
  1121 | D:2      | Reached XP level 3. HP: 27/33 MP: 3/3
  2003 | D:2      | Noticed a moth of wrath
  2181 | D:2      | Found a bloodstained altar of Trog.
  2325 | D:2      | Reached skill level 5 in Axes
  2743 | D:2      | Reached XP level 4. HP: 41/41 MP: 4/4
  3570 | D:3      | Noticed Ijyb
  3996 | D:3      | Noticed Grinder
  4346 | D:3      | Noticed Sigmund
  4355 | D:3      | Slain by Sigmund

Illustrated notes

Levels and vault maps discovered:
D:1:      elethiomel_arrival_maze, layout_basic,
          wander_ebering_terrifying_dragon_lair
D:2:      layout_rooms, tgw_trog
D:3:      layout_loops_ring, uniq_grinder, uniq_sigmund, uniq_ijyb

Skill      XL: |  1  2  3 |
---------------+----------+-----
Fighting       | 4 |  4.9
Armour         | 1 |  1.7
Axes           | 5 |  5.4
Dodging        | |  2.4
Stealth        | |  1.5

Action                   |  1- 3 |  4- 6 || total
-------------------------+-------+-------++-------
Melee: Hand axe          |   122 |    53 ||   175
Throw: Javelin           |    15 |       ||    15
       Dart              |       |    22 ||    22
  Use: Potion            |     1 |     6 ||     7
       Scroll            |       |     5 ||     5
 Stab: Sleeping          |     3 |     1 ||     4
       Invisible         |       |     1 ||     1
Armor: Robe              |    20 |     6 ||    26
Dodge: Dodged            |    81 |    35 ||   116

Table legend: (Time is in decaauts)
 A = Elapsed time spent in this place.
 B = Non-inter-level travel time spent in this place.
 C = Inter-level travel time spent in this place.
 D = Time resting spent in this place.
 E = Time spent auto-exploring this place.
 F = Levels seen in this place.
 G = Mean time per level.
                   A        B        C        D        E       F      G
               +--------+--------+--------+--------+--------+-----+--------+
         Total |   4382 |   4217 |    165 |   2210 |   1131 |   3 | 1460.7 |
       Dungeon |   4382 |   4217 |    165 |   2210 |   1131 |   3 | 1460.7 |
               +--------+--------+--------+--------+--------+-----+--------+

Top non-repeatable levels by time:
     D:2: 2513 daAuts
     D:1: 1161 daAuts
     D:3: 707 daAuts
